 Dungeon Crawl Stone Soup version 0.23.2-1-ga50397a (webtiles) character file.

Game seed: 4601634389760576383

506 Boartato the Slasher (level 6, -3/48 HPs)
             Began as a Draconian Skald on Apr 20, 2019.
             Was an Initiate of the Shining One.
             Killed by divine providence
             ... invoked by an orc priest
              (9 damage)
             ... on level 5 of the Dungeon.
             The game lasted 00:18:42 (4598 turns).

Boartato the Slasher (Draconian Skald)              Turns: 4598, Time: 00:18:42

Health: -3/48      AC:  6    Str: 16    XL:     6   Next: 97%
Magic:  8/9        EV: 15    Int: 13    God:    the Shining One [......]
Gold:   210        SH:  0    Dex: 10    Spells: 4/9 levels left

rFire    . . .     SeeInvis .   o - +0 long sword
rCold    . . .     Gourm    .   (no shield)
rNeg     . . .     Faith    .   (armour unavailable)
rPois    .         Spirit   .   (helmet restricted)
rElec    .         Reflect  .   (no cloak)
rCorr    .         Harm     .   (no gloves)
MR       .....                  (no boots)
Stlth    +.........             k - amulet of rage
HPRegen  0.16/turn              l - +3 ring of evasion
MPRegen  0.11/turn              (no ring)

@: very slightly contaminated, hasted, glowing, very quick
A: unfitting armour, cold-blooded, AC +6
a: Renounce Religion, Evoke Berserk Rage


You were on level 5 of the Dungeon.
You worshipped the Shining One.
The Shining One was noncommittal.
You were near starving.

You visited 2 branches of the dungeon, and saw 6 of its levels.

You collected 210 gold pieces.

Inventory:

Hand Weapons
 a - a +0 falchion
 o - a +0 long sword (weapon)
Jewellery
 d - an uncursed ring of magical power {unknown}
 k - an amulet of rage (around neck)
 l - a +3 ring of evasion (left hand)
Wands
 b - a wand of acid (6)
Potions
 e - a potion of haste
 g - a potion of agility
 h - a potion of lignification {unknown}
 i - a potion of curing {unknown}
 j - a potion of magic {unknown}
 m - a potion of degeneration {unknown}
 n - a potion of resistance {unknown}
Comestibles
 c - 5 rations
 f - a chunk of flesh


   Skills:
 - Level 2.2 Fighting
 * Level 7.3 Long Blades
 - Level 2.2 Dodging
 - Level 0.3 Stealth
 - Level 2.0 Spellcasting
 - Level 2.9 Charms


You had 4 spell levels left.
You knew the following spells:

 Your Spells              Type           Power        Failure   Level  Hunger
a - Infusion              Chrm           #...         8%          1    ##.....
b - Shroud of Golubria    Chrm/Tloc      #.........   21%         2    ###....
c - Song of Slaying       Chrm           #.......     12%         2    ###....

Your spell library contained the following spells:

 Spells                   Type           Power        Failure   Level  Hunger
 Regeneration             Chrm/Necr      #.........   38%         3    ####...
 Spectral Weapon          Hex/Chrm       #.......     38%         3    ####...


Dungeon Overview and Level Annotations

Branches:
Dungeon (5/15)             Temple (1/1) D:5

Altars:
Ashenzari
Elyvilon
Fedhas
Gozag
Kikubaaqudgha
Makhleb
Nemelex Xobeh
Qazlal
Ru
Sif Muna
Xom
Yredelemnul
Zin
The Shining One


Innate Abilities, Weirdness & Mutations

Your plain brown scales are hard. (AC +6)
You cannot fit into any form of body armour.
You are cold-blooded and may be slowed by cold attacks.


Message History

You miscast Infusion.
You are very lightly contaminated with residual magic.
Nothing appears to happen.
The orc priest mumbles some strange prayers to Beogh against you.
Beogh smites you!
* * * LOW HITPOINT WARNING * * *
The orc wizard casts a spell at you. The magic dart hits you.
* * * LOW HITPOINT WARNING * * *
You barely miss the orc priest.
You tail-slap the orc priest, but do no damage.
The orc priest calls down the wrath of Beogh upon you.
Pain shoots through your body!
* * * LOW HITPOINT WARNING * * *
The orc wizard completely misses you.
The orc priest looks satisfied for a moment.
You feel yourself speed up.
The orc priest invokes the aid of Beogh against you.
Beogh smites you!
You die...

#.# ##...#..####.##
#⌠.##+##.⌠#..#.# #.#
#..............# #.#
#.......#####.# #.#
#......÷#...#..# #.#
+..._...'...#..# #.#
#.......#)..#... ..#
##.....(.##.##.######
#...o@o...#....#
#⌠..#'##.⌠#..)##
#..###.Y.####.#.# #.
#.o.. ..#.# #...#.
..... .####.#### ## .
# ..


You could see a sky beast, 2 orc priests and an orc wizard.

Vanquished Creatures
  A bullfrog (D:4)
  A howler monkey (D:3)
  A hound (D:4)
  A jelly (D:5)
  2 orc priests
  4 orc wizards
  A worker ant (D:4)
  4 adders
  2 worms
  2 dart slugs
  2 leopard geckos
  13 orcs
  5 giant cockroaches
  12 goblins
  6 hobgoblins
  11 jackals
  6 kobolds
  A quokka (D:2)
  8 bats
  5 frilled lizards
  A jackal skeleton (D:4)
  5 rats
94 creatures vanquished.

Notes
Turn   | Place    | Note
-------+----------+-------------------------------------------
     0 | D:1      | Boartato the Draconian Skald began the quest for the Orb.
     0 | D:1      | Reached XP level 1. HP: 17/17 MP: 3/3
   132 | D:1      | Reached XP level 2. HP: 19/24 MP: 5/5
   735 | D:1      | You fall through a shaft!
   741 | D:2      | Found a sparkling altar of Nemelex Xobeh.
   748 | D:2      | Reached skill level 3 in Long Blades
   752 | D:2      | Reached XP level 3. HP: 29/29 MP: 3/6
   760 | D:2      | Learned a level 2 spell: Shroud of Golubria
   946 | D:2      | Found a burning altar of Makhleb.
  1625 | D:2      | Found a basalt altar of Yredelemnul.
  1628 | D:2      | Reached XP level 4. HP: 36/36 MP: 7/7
  1634 | D:2      | Reached skill level 4 in Long Blades
  1692 | D:2      | Found a sacrificial altar of Ru.
  2328 | D:3      | Reached skill level 5 in Long Blades
  2328 | D:3      | Reached XP level 5. HP: 36/41 MP: 0/8
  2336 | D:3      | Learned a level 2 spell: Song of Slaying
  3326 | D:4      | Reached skill level 6 in Long Blades
  3326 | D:4      | Reached XP level 6. HP: 48/48 MP: 2/9
  3916 | D:4      | Reached skill level 7 in Long Blades
  4162 | D:5      | Entered Level 5 of the Dungeon
  4344 | D:5      | Found a staircase to the Ecumenical Temple.
  4354 | Temple   | Entered the Ecumenical Temple
  4423 | Temple   | Became a worshipper of the Shining One
  4563 | D:5      | Found a shattered altar of Ashenzari.
  4594 | D:5      | Noticed a sky beast
  4598 | D:5      | Killed from afar by an orc priest

Skill      XL: |  1  2  3  4  5  6 |
---------------+-------------------+-----
Long Blades    | 3 5 6 7 |  7.3
Fighting       | |  2.2
Dodging        | |  2.2
Stealth        | |  0.3
Spellcasting   | |  2.0
Charms         | |  2.9

Action                   |  1- 3 |  4- 6 || total
-------------------------+-------+-------++-------
Melee: Falchion          |    87 |       ||    87
       Tailslap          |     6 |    17 ||    23
       Long sword        |    15 |   143 ||   158
Throw: Throwing net      |       |     1 ||     1
 Cast: Infusion          |     2 |     7 ||     9
       Shroud of Golubri |     1 |     7 ||     8
  Use: Scroll            |       |     9 ||     9
       Potion            |       |     7 ||     7
  Eat: Chunk             |     3 |     8 ||    11
Armor: Skin              |    44 |    39 ||    83
Dodge: Dodged            |    71 |   100 ||   171
       Rpst.: Falchion   |    20 |       ||    20
       Long sword        |     2 |    31 ||    33
